 Dungeon Crawl Stone Soup version 0.27-a0-1193-g8631133539 (webtiles) character file.

Game seed: 15206249618635598472

196 Strat the Skirmisher (level 5, -2/63 HPs)
             Began as an Ogre Brigand on May 26, 2021.
             Slain by a gnoll
             ... wielding a +0 flail
              (8 damage)
             ... on level 4 of the Dungeon.
             The game lasted 00:06:04 (3345 turns).

Strat the Skirmisher (Ogre Brigand)                 Turns: 3345, Time: 00:06:05

Health: -2/63      AC:  4    Str: 16    XL:     5   Next: 74%
Magic:  5/5        EV:  9    Int: 12    God:
Gold:   141        SH:  0    Dex: 10    Spells: 2/4 levels left

rFire    . . .     SeeInvis .   a - +2 dagger
rCold    . . .     Faith    .   (no shield)
rNeg     . . .     Spirit   .   b - +0 robe
rPois    .         Reflect  .   (helmet restricted)
rElec    .         Harm     .   c - +0 cloak
rCorr    .         Rampage  .   (gloves unavailable)
Will     .....                  (boots unavailable)
Stlth    ++........             (no amulet)
HPRegen  0.20/turn              (no ring)
MPRegen  0.09/turn              (no ring)

@: no status effects
A: large, unfitting armour, tough skin 1
a: no special abilities


You were on level 4 of the Dungeon.
You visited 1 branch of the dungeon, and saw 4 of its levels.

You collected 141 gold pieces.

Inventory:

Hand Weapons
 a - a +2 dagger (weapon)
Missiles
 d - 21 poisoned darts (quivered)
 e - 2 curare-tipped darts
 g - 93 stones
 v - 6 silver boomerangs
Armour
 b - a +0 robe (worn)
 c - a +0 cloak (worn)
Scrolls
 f - 3 scrolls of identify {unknown}
 h - a scroll of silence {unknown}
 i - 2 scrolls of enchant weapon {unknown}
 j - a scroll of torment {unknown}
 k - 2 scrolls of vulnerability {unknown}
 p - 2 scrolls of enchant armour {unknown}
 q - a scroll of teleportation {unknown}
 t - a scroll of summoning {unknown}
 u - a scroll of fog {unknown}
 w - a scroll of acquirement {unknown}
Potions
 l - a potion of might {unknown}
 m - a potion of resistance {unknown}
 n - a potion of brilliance {unknown}
 o - 2 potions of degeneration {unknown}
 r - a potion of lignification {unknown}
 s - a potion of cancellation {unknown}
 x - a potion of ambrosia {unknown}


   Skills:
 + Level 7.6 Fighting
 - Level 1.7 Short Blades
 - Level 2.0 Throwing
 - Level 0.8 Dodging
 - Level 2.9 Stealth


You had 2 spell levels left.
You knew the following spells:

 Your Spells              Type           Power      Damage    Failure   Level
a - Animate Skeleton      Necr           0%         N/A       32%         1
b - Apportation           Tloc           0%         N/A       32%         1

Your spell library contained the following spells:

 Spells                   Type           Power      Damage    Failure   Level
 Corona                   Hex            0%         N/A       32%         1
 Summon Small Mammal      Summ           0%         N/A       32%         1


Dungeon Overview and Level Annotations

Branches:
Dungeon (4/15)
 Temple: D:4-7

Altars:

Annotations:
D:2 1 runed translucent door, Crazy Yiuf, Sigmund


Innate Abilities, Weirdness & Mutations

You are too large for most types of armour.
You have tough skin. (AC +1)


Message History

The gnoll hits you with a +0 flail!
* * * LOW HITPOINT WARNING * * *
You see here a +0 dagger.
Things that are here:
a +0 whip; a gnoll corpse
There is an open door here.
The gnoll closely misses you.
There is an open door here.
The gnoll hits you with a +0 spear.
* * * LOW HITPOINT WARNING * * *
The gnoll barely misses you.
The gnoll hits you from afar with a +0 spear.
* * * LOW HITPOINT WARNING * * *
Things that are here:
a lumpy ruby potion; a +0 club You see here a +0 dagger.
Things that are here:
a +0 whip; a gnoll corpse The gnoll throws a throwing net.
The throwing net closely misses you.
You see here a throwing net.
There is a stone staircase leading down here.
The gnoll hits you with a +0 flail.
* * * LOW HITPOINT WARNING * * *
You climb downwards.
Found a stone staircase leading down.
There is a stone staircase leading up here.
Throw: 23 darts (poison)
Press: ? - help, Q - select action, (/) - cycle Shift-Dir - straight line, f - gnoll
Aim: a gnoll, wielding a +0 flail (64% to hit)
You throw a poisoned dart.
The poisoned dart barely misses the gnoll.
Throw: 22 darts (poison)
Press: ? - help, Q - select action, (/) - cycle Shift-Dir - straight line, f/p - gnoll
Aim: a gnoll, wielding a +0 flail (64% to hit)
You throw a poisoned dart. The poisoned dart hits the gnoll.
The gnoll is poisoned.
The gnoll hits you with a +0 flail!
* * * LOW HITPOINT WARNING * * *
The gnoll hits you with a +0 flail!
You die...

#>.....<(#
########.#
#.# #.#
#.# #.#
#.# #g#
#@# #.#
#.# #.#
#.# #.#
... #+#


You could see a gnoll (poisoned).

Vanquished Creatures
  Jessica (D:2)
  Natasha (thrice) (D:3)
  A gnoll (D:3)
  2 adders (D:2)
  A worm (D:3)
  2 dart slugs (D:1)
  4 endoplasms
  4 giant cockroaches (D:1)
  5 goblins
  5 hobgoblins
  9 kobolds
  A quokka (D:3)
  12 ball pythons
  4 bats
  8 frilled lizards
  2 rats (D:2)
64 creatures vanquished.

Vanquished Creatures (others)
  2 plants (D:4)
2 creatures vanquished.

Grand Total: 66 creatures vanquished

Notes
Turn   | Place    | Note
-------+----------+-------------------------------------------
     0 | D:1      | Strat the Ogre Brigand began the quest for the Orb.
     0 | D:1      | Reached XP level 1. HP: 22/22 MP: 1/1
    45 | D:1      | Reached skill level 3 in Fighting
   114 | D:1      | Reached XP level 2. HP: 30/32 MP: 2/2
   228 | D:1      | Reached skill level 4 in Fighting
   332 | D:1      | Reached XP level 3. HP: 29/40 MP: 3/3
   770 | D:1      | Reached skill level 5 in Fighting
  1125 | D:2      | Found a runed translucent door.
  1126 | D:2      | Noticed Crazy Yiuf
  1232 | D:2      | Noticed Jessica
  1309 | D:2      | Killed Jessica
  1310 | D:2      | Reached XP level 4. HP: 38/52 MP: 4/4
  1433 | D:2      | Reached skill level 6 in Fighting
  1753 | D:2      | Noticed Sigmund
  2196 | D:3      | Learned a level 1 spell: Animate Skeleton
  2198 | D:3      | Learned a level 1 spell: Apportation
  2451 | D:3      | Found a faded altar of an unknown god.
  2529 | D:3      | Noticed Natasha
  2544 | D:3      | Killed Natasha
  2545 | D:3      | Reached XP level 5. HP: 44/61 MP: 5/5
  2961 | D:3      | Noticed Natasha
  2974 | D:3      | Killed Natasha
  2975 | D:3      | Reached skill level 7 in Fighting
  3091 | D:3      | Noticed Natasha
  3275 | D:3      | Killed Natasha
  3345 | D:4      | Slain by a gnoll

Illustrated notes

Levels and vault maps discovered:
D:1:      tarquinn_simple_flora_water_c, layout_rooms, minmay_worlds_worst_comb
D:2:      layout_loops_ring, kennysheep_decorative_pillar, st_stairs_5,
          uniq_sigmund, uniq_crazy_yiuf_cottage, uniq_jessica
D:3:      layout_loops_corners, chequers_ecumenical_altar_simple_redux,
          uniq_natasha
D:4:      layout_loops_ring, kennysheep_nondescript, roderic_three_in_a_row,
          serial_bayou_lagoon_b, uniq_robin

Skill      XL: |  1  2  3  4  5 |
---------------+----------------+-----
Fighting       | 3 4 5 6 7 |  7.6
Short Blades   | |  1.7
Throwing       | |  2.0
Dodging        | |  0.8
Stealth        | |  2.9

Action                   |  1- 3 |  4- 6 || total
-------------------------+-------+-------++-------
Melee: Dagger            |   115 |   109 ||   224
Throw: Dart              |     3 |     6 ||     9
 Stab: Sleeping          |     1 |     1 ||     2
Armor: Robe              |    35 |    28 ||    63
Dodge: Dodged            |    69 |    36 ||   105

Table legend: (Time is in decaauts)
 A = Elapsed time spent in this place.
 B = Non-inter-level travel time spent in this place.
 C = Inter-level travel time spent in this place.
 D = Time resting spent in this place.
 E = Time spent auto-exploring this place.
 F = Levels seen in this place.
 G = Mean time per level.
                   A        B        C        D        E       F      G
               +--------+--------+--------+--------+--------+-----+--------+
         Total |   3350 |   3292 |     58 |    674 |   1836 |   4 |  837.5 |
       Dungeon |   3350 |   3292 |     58 |    674 |   1836 |   4 |  837.5 |
               +--------+--------+--------+--------+--------+-----+--------+

Top non-repeatable levels by time:
     D:3: 1437 daAuts
     D:2: 1097 daAuts
     D:1: 805 daAuts
     D:4: 9 daAuts
